 Dungeon Crawl Stone Soup version 0.20-a0-210-gd6c29eb (webtiles) character file.

1429 KristoblXynda the Ruffian (level 8, -6/61 HPs)
             Began as a Purple Draconian Skald on Nov 26, 2016.
             Was a Follower of Cheibriados.
             Mangled by an unseen horror (7 damage)
             ... on level 6 of the Dungeon.
             The game lasted 00:11:45 (6238 turns).

KristoblXynda the Ruffian (Purple Draconian Skald)  Turns: 6238, Time: 00:11:46

Health: -6/61      AC:  8    Str: 20    XL:     8   Next: 44%
Magic:  11/11      EV: 15    Int: 16    God:    Cheibriados [*.....]
Gold:   296        SH:  0    Dex: 13    Spells: 4/11 levels left

rFire  . . .     SeeInvis .       - Unarmed
rCold  . . .     Gourm    .     (armour unavailable)
rNeg   . . .     Faith    .     (no shield)
rPois  .         Spirit   .     (helmet restricted)
rElec  .         Reflect  .     k - +0 cloak
rCorr  .         Harm     .     c - +0 pair of gloves
MR     +....                    (no boots)
Stlth  +.........               g - amulet of magic regeneration
                                i - ring of wizardry
                                m - +3 ring of strength

@: very slow
A: breathe power, unfitting armour, cold-blooded, AC +6
a: Breathe Dispelling Energy, Bend Time, Renounce Religion


You were on level 6 of the Dungeon.
You worshipped Cheibriados.
Cheibriados was aware of your devotion.
You were not hungry.

You visited 2 branches of the dungeon, and saw 7 of its levels.

You collected 296 gold pieces.

Inventory:

Hand Weapons
 e - a +0 whip of flaming
Armour
 c - a +0 pair of gloves (worn)
 k - a +0 cloak (worn)
Jewellery
 g - an amulet of magic regeneration (around neck)
 h - an uncursed ring of magical power
 i - a ring of wizardry (right hand)
 m - a +3 ring of strength (left hand)
Wands
 q - a wand of acid (0/15)
Scrolls
 j - 2 scrolls of remove curse
 o - a scroll of magic mapping
 p - 2 scrolls of enchant armour
Potions
 r - a potion of cure mutation
Books
 a - a book of Battle

   Spells                             Type                      Level
   a - Infusion                       Charms                       1
   b - Shroud of Golubria             Charms/Translocation         2
   c - Song of Slaying                Charms                       2
   d - Spectral Weapon                Hexes/Charms                 3
   e - Regeneration                   Charms/Necromancy            3
 l - a book of Callings

   Spells                             Type                      Level
   a - Summon Small Mammal            Summoning                    1
   b - Call Imp                       Summoning                    2
   c - Call Canine Familiar           Summoning                    3
   d - Summon Guardian Golem          Hexes/Summoning              3
   e - Summon Lightning Spire         Summoning/Air                4
   f - Summon Ice Beast               Ice/Summoning                4
Comestibles
 b - 2 bread rations
 d - 3 meat rations
 t - 5 fruits


   Skills:
 - Level 2.1 Fighting
 + Level 5.5 Dodging
 + Level 6.4 Unarmed Combat
 - Level 2.4 Spellcasting
 + Level 2.5 Hexes
 - Level 5.0 Charms
 - Level 4.0 Necromancy


You had 4 spell levels left.
You knew the following spells:

 Your Spells              Type           Power        Failure   Level  Hunger
a - Infusion              Chrm           ###.         1%          1    #......
b - Regeneration          Chrm/Necr      ###.......   4%          3    ###....
c - Spectral Weapon       Hex/Chrm       ##......     6%          3    ###....


Dungeon Overview and Level Annotations

Branches:
Dungeon (6/15)             Temple (1/1) D:4

Altars:
Cheibriados
Fedhas
Nemelex Xobeh
Okawaru
Uskayaw
Vehumet

Shops:
D:5 ?


Innate Abilities, Weirdness & Mutations

You can breathe bolts of dispelling energy.
Your rich purple scales are hard. (AC +6)
You cannot fit into any form of body armour.
You are cold-blooded and may be slowed by cold attacks.


Message History

Something barely misses you.
Unknown command.
You miss something. Something hits you. Something hits you. Something hits you!
* * * LOW HITPOINT WARNING * * *
Evoke which item? (* to show all) (? for menu, Esc to quit)
Zapping:
q - a wand of acid (?/15) {zapped: 6} (will waste charges)
Press: ? - help, Shift-Dir - straight line Nothing appears to happen.
Something barely misses you.
Unknown command.
You punch something! Something hits you but does no damage. Something hits you.
* * * LOW HITPOINT WARNING * * *
You hit something but do no damage. Something closely misses you.
Something hits you!
* * * LOW HITPOINT WARNING * * *
You closely miss something. You tail-slap something. Something hits you.
* * * LOW HITPOINT WARNING * * *
Something hits you!
You die...

)..............# ###..#
...............# ###...##
...............# ###...###
...............# ###...###
..............>#####...###
................##....##
............###.....###
..........### ##..###
........### #@## .....####
#.# #.#### #.## ### #..#
#..#....... #..#.......
#..#....... ## #..#.....!.
.## #..#.......


There were no monsters in sight!

Vanquished Creatures
  Pikel (D:5)
  An ice beast (D:6)
  A slave (D:5)
  An ogre (D:5)
  A bullfrog (D:6)
  3 scorpions
  A howler monkey (D:4)
  2 crimson imps (D:6)
  2 orc priests
  2 orc wizards (D:5)
  2 iguanas
  3 worker ants
  A worker ant zombie (D:6)
  9 adders
  An ooze (D:4)
  4 worms
  A dart slug (D:3)
  4 leopard geckos
  13 orcs
  10 bats
  4 giant cockroaches
  7 goblins
  4 hobgoblins
  16 jackals
  9 kobolds
  4 quokkas
  4 frilled lizards
  A leopard gecko zombie (D:6)
  5 rats
117 creatures vanquished.

Vanquished Creatures (others)
  A leopard gecko (D:5)
  A quokka (D:5)
  A leopard gecko zombie (D:5)
  5 toadstools (D:1)
8 creatures vanquished.

Grand Total: 125 creatures vanquished

Notes
Turn   | Place    | Note
-------+----------+-------------------------------------------
     0 | D:1      | KristoblXynda the Draconian Skald began the quest for the Orb.
     0 | D:1      | Reached XP level 1. HP: 17/17 MP: 3/3
   365 | D:1      | Reached XP level 2. HP: 24/24 MP: 5/5
   691 | D:2      | Reached XP level 3. HP: 20/29 MP: 6/6
   709 | D:2      | Learned a level 3 spell: Regeneration
  1593 | D:3      | Reached skill level 3 in Unarmed Combat
  1740 | D:3      | Reached XP level 4. HP: 26/36 MP: 7/7
  2319 | D:3      | Learned a level 3 spell: Spectral Weapon
  2385 | D:4      | Found a hide-covered altar of Uskayaw.
  2790 | D:4      | Reached XP level 5. HP: 19/41 MP: 4/8
  3497 | D:4      | Reached skill level 4 in Unarmed Combat
  3497 | D:4      | Reached XP level 6. HP: 18/48 MP: 4/9
  3612 | D:4      | Reached skill level 1 in Necromancy
  4084 | D:4      | Found a staircase to the Ecumenical Temple.
  4181 | D:5      | Entered Level 5 of the Dungeon
  4228 | Temple   | Entered the Ecumenical Temple
  4234 | Temple   | Became a worshipper of Cheibriados the Contemplative
  4539 | D:5      | Found an iron altar of Okawaru.
  5102 | D:5      | Noticed Pikel
  5102 | D:5      | Noticed a slave
  5102 | D:5      | Noticed a slave
  5102 | D:5      | Noticed a slave
  5103 | D:5      | Noticed a slave
  5124 | D:5      | Killed a slave
  5128 | D:5      | Your scales start taking on a rich purple colour.
  5128 | D:5      | Reached skill level 5 in Charms
  5128 | D:5      | Reached XP level 7. HP: 55/55 MP: 4/10
  5138 | D:5      | Killed Pikel
  5138 | D:5      | Reached skill level 5 in Unarmed Combat
  5138 | D:5      | Reached XP level 8. HP: 61/61 MP: 3/11
  5405 | D:5      | Found Toeduq's Magic Scroll Boutique.
  5609 | D:6      | Reached skill level 5 in Dodging
  5646 | D:6      | Reached skill level 6 in Unarmed Combat
  5646 | D:6      | Reached skill level 1 in Hexes
  6136 | D:6      | Reached * piety under Cheibriados
  6238 | D:6      | HP: 1/61 [something (3)]
  6238 | D:6      | Mangled by an unseen horror

Vault maps used:
D:1:      ldierk_walled_garden
D:3:      serial_bayou, serial_bayou_ford_a, serial_bayou_crossing,
          serial_bayou_lake_a, serial_bayou_pond_d, serial_bayou_pond_e,
          serial_bayou_pond_d, kennysheep_cross_bottleneck
D:4:      eat_drink_and_be_merry_uskayaw
D:5:      okawaru_gym_becter, first_bread, serial_shops, kennysheep_mini_moat,
          uniq_pikel
D:6:      lemuel_doored_altar
Temple:   eino_temple_rhombus

Skill      XL: |  1  2  3  4  5  6  7  8 |
---------------+-------------------------+-----
Dodging        | 2 3 4 5 |  5.5
Charms         | 3 4 5 |  5.0
Unarmed Combat | 3 4 5 6 |  6.4
Necromancy     | 2 4 |  4.0
Hexes          | 2 |  2.5
Fighting       | |  2.1
Spellcasting   | |  2.4

Action                   |  1- 3 |  4- 6 |  7- 9 || total
-------------------------+-------+-------+-------++-------
Melee: Unarmed           |   253 |   307 |   103 ||   663
       Tailslap          |    21 |    40 |    18 ||    79
       Punch             |     1 |     6 |     3 ||    10
 Cast: Regeneration      |     1 |    11 |       ||    12
       Infusion          |       |     7 |     3 ||    10
Evoke: Wand              |       |       |     2 ||     2
  Use: Scroll            |       |    11 |     3 ||    14
       Potion            |       |     4 |     5 ||     9
 Stab: Sleeping          |       |     1 |       ||     1
  Eat: Meat ration       |     1 |       |     1 ||     2
       Pizza             |     1 |       |       ||     1
       Chunk             |       |     4 |     1 ||     5
       Fruit             |       |     2 |       ||     2
       Bread ration      |       |     1 |       ||     1
Armor: Skin              |   105 |    91 |    43 ||   239
Dodge: Dodged            |   206 |   199 |    64 ||   469
